 Dungeon Crawl Stone Soup version 0.29.0-4-gdea44cf6ec (webtiles) character file.

Game seed: 17345204919876498928

4 qw the Sneak (level 1, -1/14 HPs)
             Began as a Gargoyle Delver on Sept 10, 2022.
             Slain by an adder (3 damage)
             ... on level 3 of the Dungeon.
             The game lasted 00:00:09 (471 turns).

qw the Sneak (Gargoyle Delver)                       Turns: 471, Time: 00:00:10

Health: -1/14      AC:  5    Str: 15    XL:     1   Next: 60%
Magic:  1/1        EV: 11    Int: 10    God:
Gold:   26         SH:  0    Dex: 11    Spells: 0/0 levels left

rFire   . . .      SeeInvis .   a - +0 hand axe
rCold   . . .      Faith    .   (no shield)
rNeg    + . .      Spirit   .   b - +0 leather armour
rPois   inf        Reflect  .   (no helmet)
rElec   +          Harm     .   (no cloak)
rCorr   .          Rampage  .   (no gloves)
Will    .....                   (no boots)
Stlth   +++.......              (no amulet)
HPRegen 0.04/turn               (no ring)
MPRegen 0.07/turn               (no ring)

@: no status effects
A: sickness immunity, AC +2, negative energy resistance 1, electricity
resistance, torment resistance 1, petrification resistance
a: no special abilities


You were on level 3 of the Dungeon.
You visited 1 branch of the dungeon, and saw 3 of its levels.

You collected 26 gold pieces.


Innate Abilities, Weirdness & Mutations

You are immune to sickness and miasma.
Your stone body is resilient. (AC +2)
You are immune to poison.
You resist negative energy. (rN+)
You are resistant to electric shocks. (rElec)
You are resistant to unholy torment.
You are immune to petrification.


   Skills:
 - Level 3.2 Fighting
 + Level 2.1 Axes
 - Level 1.5 Dodging
 - Level 5.4 Stealth


You couldn't memorise any spells.
You didn't know any spells.
Your spell library was empty.

Inventory:

Hand Weapons
 a - a +0 hand axe (weapon)
Armour
 b - a +0 leather armour (worn)
 d - a +0 ring mail
Jewellery
 e - a ring of willpower
Wands
 g - a wand of digging (3)
Potions
 c - a potion of heal wounds {unknown}
 f - a potion of haste
 h - a potion of ambrosia {unknown}

Dungeon Overview and Level Annotations

Branches:
Dungeon (5/15)
 Temple: D:4-7

Altars:


Message History

Found a stone staircase leading up.
Enter note: The adder hisses angrily.
The adder closely misses you.
You closely miss the adder. The adder bites you but does no damage.
You hit the adder but do no damage. The adder bites you but does no damage.
The adder closely misses you.
You barely miss the adder. The adder bites you.
You completely miss the adder. The adder closely misses you. x2
You barely miss the adder.
The ball python hisses angrily.
The adder closely misses you.
You barely miss the adder. The adder bites you. The adder barely misses you.
You closely miss the adder. The adder bites you but does no damage.
You hit the adder.
The adder is heavily wounded.
The adder closely misses you. The adder bites you.
The ball python bites you but does no damage.
The ball python misses you.
You hit the adder but do no damage.
The adder is heavily wounded.
You closely miss the ball python. The adder bites you but does no damage.
The ball python bites you. The ball python closely misses you.
The adder bites you.
You barely miss the adder.
The adder is heavily wounded.
You hit the ball python. The ball python bites you. The ball python grabs you.
The ball python constricts you. The adder bites you but does no damage.
The ball python closely misses you. The ball python constricts you.
You hit the ball python.
You kill the ball python!
You closely miss the adder. The adder barely misses you. The adder bites you.
You die...

#.##.## ..#...# #.# ..#
####.## #.# ..###. # #.#
#.# .....< # #.#
###.###...... # #.#
#.##.>.......... #.#
#.#.....)..... #
####.####.#........#...#
.............#.#@S....#
###..........#.%#...###
........#.......#..#...#
.#####...#...#...### ..#
...................# #
.#####...#.##.###...#
##.##.###.. #.... #.##.#
.b.###... #.##.# ..#S.
#..


You could see an adder.

Vanquished Creatures
  A ball python (D:3)
  2 endoplasms
  A hobgoblin (D:3)
4 creatures vanquished.

Vanquished Creatures (others)
  4 fungi (D:4)
4 creatures vanquished.

Grand Total: 8 creatures vanquished

Notes
Turn   | Place    | Note
-------+----------+-------------------------------------------
     0 | D:5      | qw the Gargoyle Delver began the quest for the Orb.
     0 | D:5      | Reached XP level 1. HP: 14/14 MP: 1/1
     0 | D:5      | 0 ||| qw: Version: 0.1-a-116-g5d60599
     0 | D:5      | 0 ||| qw: Game counter: 9199
     0 | D:5      | 0 ||| qw: Always use a shield: true
     0 | D:5      | 0 ||| qw: God list: Okawaru
     0 | D:5      | 0 ||| qw: Allow faded altars: false
     0 | D:5      | 0 ||| qw: Do Orc after D:15 true
     0 | D:5      | 0 ||| qw: Do second Lair branch before Depths: true
     0 | D:5      | 0 ||| qw: Lair rune preference: random
     0 | D:5      | 0 ||| qw: Plans: Normal
     0 | D:5      | 0 ||| PLANNING D:1-11
     0 | D:5      | 0 ||| DROPPING scroll of fog.
     1 | D:5      | 1 ||| DROPPING scroll of magic mapping.
     2 | D:5      | 2 ||| DROPPING scroll of fear.
   443 | D:3      | 443 ||| Stepping ~*~*~tactically~*~*~ (stealth).
   446 | D:3      | 446 ||| Stepping ~*~*~tactically~*~*~ (stealth).
   449 | D:3      | 449 ||| Stepping ~*~*~tactically~*~*~ (stealth).
   451 | D:3      | 451 ||| Stepping ~*~*~tactically~*~*~ (stealth).
   453 | D:3      | 453 ||| Stepping ~*~*~tactically~*~*~ (stealth).
   469 | D:3      | HP: 3/14 [adder (4)]
   470 | D:3      | HP: 1/14 [constriction (1)]
   471 | D:3      | Slain by an adder

Levels and vault maps discovered:
D:3:      cheibrodos_greedy_goblins, layout_loops_ring,
          nicolae_tso_swordbearing_angel, kennysheep_cross_bottleneck,
          nicolae_titane, uniq_robin
D:4:      layout_basic, regret_index_temple_of_mockery,
          grunt_temple_overflow_diamond, minmay_misc_feat_iff, uniq_duvessa,
          uniq_crazy_yiuf_cottage, uniq_blork_the_orc, uniq_eustachio
D:5:      layout_basic, dk_noncrumbling_2, uniq_pikel

Skill      XL: |  1 |
---------------+----+-----
Axes           | 2 |  2.1
Fighting       | |  3.2
Dodging        | |  1.5
Stealth        | |  5.4

Action                   || total
-------------------------++-------
Melee: Hand axe          ||    23
Armor: Leather armour    ||     8
Dodge: Dodged            ||    15

Table legend:
 A = Non-vault XP
 B = Vault XP
 C = Vault XP percentage of total XP
 D = Non-vault monster count
 E = Vault monster count
 F = Vault count percentage of total count
                 A         B        C        D         E       F
            +---------+---------+-------+---------+---------+-------
      Total |       8 |       0 |   0.0 |       4 |       0 |   0.0
            +---------+---------+-------+---------+---------+-------
        D:3 |       6 |       0 |   0.0 |       3 |       0 |   0.0
        D:4 |       2 |       0 |   0.0 |       1 |       0 |   0.0
            +---------+---------+-------+---------+---------+-------
